 Dungeon Crawl Stone Soup version 0.32-a0-918-g0f22ef8d61 (webtiles) character file.

Game seed: 776468929312961712

91 ezpacito the Chopper (level 4, 0/35 HPs)
             Began as a Coglin Chaos Knight on Apr 11, 2024.
             Was a Plaything of Xom.
             Killed by nerve-wracking pain
             ... invoked by an orc priest
              (7 damage)
             ... on level 3 of the Dungeon.
             The game lasted 00:01:49 (1308 turns).

ezpacito the Chopper (Coglin Chaos Knight)          Turns: 1308, Time: 00:01:50

Health: 0/35       AC:  6    Str: 15    XL:     4   Next: 57%
Magic:  5/5        EV: 10    Int: 11    God:    Xom [..*...]
Gold:   76         SH:  0    Dex: 13    Spells: 4/4 levels left

rFire   . . .        a - +1 hand axe (chaos) {Dube}
rCold   . . .        d - +0 dagger {Ari}
rNeg    . . .        b - +2 leather armour
rPois   .            c - +0 helmet
rElec   .            (no cloak)
rCorr   .            (no gloves)
SInv    .            (no boots)
Will    .....        (amulet unavailable)
Stlth   +            (ring unavailable)
HPRegen 0.25/turn    (ring unavailable)
MPRegen 0.09/turn    (no gizmo)

%: no passive effects
@: revving
A: off-hand wielding, slow wielding, warmup strikes, no jewellery
a: Invent Gizmo, Renounce Religion


You were on level 3 of the Dungeon.
You worshipped Xom.
You were a toy of Xom.
You visited 1 branch of the dungeon, and saw 3 of its levels.

You collected 76 gold pieces.

Inventory:

Hand Weapons
 a - a +1 hand axe of chaos (weapon) {Dube}
 d - a +0 dagger (offhand) {Ari}
Missiles
 f - 2 throwing nets (quivered)
Armour
 b - a +2 leather armour (worn)
 c - a +0 helmet (worn)
Scrolls
 e - a scroll of amnesia
 g - a scroll of immolation


   Skills:
 * Level 3.3 Fighting
 * Level 3.4(3.6) Axes
 * Level 1.3(2.4) Polearms
 * Level 2.3 Armour
 * Level 1.6 Dodging
 + Level 0.5 Stealth
 + Level 0.8 Spellcasting


You had 4 spell levels left.
You didn't know any spells.
Your spell library was empty.

Dungeon Overview and Level Annotations

Branches:
Dungeon (2/15)

Altars:

Annotations:
D:2 Sigmund


Innate Abilities, Weirdness & Mutations

You can wield a second weapon in your off-hand.
It takes a long time for you to wield or remove held weapons.
Your first few attacks do less damage.
You cannot equip rings or amulets.


Message History

You take 13 damage, and have 22/35 hp.
MASSIVE DAMAGE!!
You are too injured to fight recklessly!
You are too injured to fight recklessly!
You are too injured to fight recklessly!
You are too injured to fight recklessly!
You are too injured to fight recklessly!
You are too injured to fight recklessly!
You barely miss the orc priest with your +1 hand axe of chaos.
The orc priest is moderately wounded.
You hit the orc priest with your +0 dagger.
The orc priest hits you with a +0 club.
The orc priest invokes the aid of Beogh against you.
Pain shoots through your body!
* * * LOW HITPOINT WARNING * * *
A shower of butterflies erupts from you!
The orc hits you with a +0 club.
* * * LOW HITPOINT WARNING * * *
The orc priest completely misses your butterfly.
You take 15 damage, and have 7/35 hp.
MASSIVE DAMAGE!!
You barely miss the orc priest with your +1 hand axe of chaos.
The orc priest is heavily wounded.
You barely miss the orc with your +1 hand axe of chaos.
You barely miss the orc priest with your +0 dagger.
The orc priest begins to cast a cantrip, but forgets the words!
The orc priest closely misses your butterfly.
The orc closely misses you.
A hobgoblin comes into view.
You swap places.
The orc closely misses your butterfly.
The orc priest closely misses your butterfly.
The orc priest hits your butterfly with a +0 flail.
Your butterfly dies!
Your butterfly degenerates into a cloud of primal chaos!
Okay, then.
As you read the scroll of fog, it dissolves into smoke.
The orc hits your butterfly with a +0 club.
Your butterfly dies!
Your butterfly disappears in a puff of smoke!
The orc priest calls down the wrath of Beogh upon you.
Pain shoots through your body!
You die...

#. #g #o #o #o
#§## #oo# #§# #@#
#b########
#§§.......
#..#######
#######..########
.................
#. #
.........########
... ....###.##
#.# .# ###.# #.#


You could see an orc priest (ally target) and an orc.

Vanquished Creatures
  2 bombardier beetles (D:3)
  2 bats
  3 endoplasms
  3 giant cockroaches
  3 goblins (D:1)
  A hobgoblin (D:1)
  2 quokkas (D:1)
  6 ball pythons
  5 kobolds
  4 rats
31 creatures vanquished.

Notes
Turn   | Place    | Note
-------+----------+-------------------------------------------
     0 | D:1      | ezpacito the Coglin Chaos Knight began the quest for the
                  | Orb.
     0 | D:1      | Reached XP level 1. HP: 18/18 MP: 1/1
    54 | D:1      | Reached skill level 1 in Dodging
   115 | D:1      | XOM: silly message
   177 | D:1      | Reached XP level 2. HP: 22/24 MP: 2/2
   377 | D:1      | XOM: smoke on damage
   765 | D:1      | Reached XP level 3. HP: 29/29 MP: 3/3
   972 | D:2      | Noticed Sigmund
  1013 | D:2      | You are sucked into a shaft and drop 1 floor!
  1122 | D:3      | Reached skill level 1 in Polearms
  1122 | D:3      | Reached XP level 4. HP: 30/35 MP: 4/4
  1305 | D:3      | XOM: butterfly on damage
  1308 | D:3      | Killed from afar by an orc priest

Illustrated notes

Levels and vault maps discovered:
D:1:      matt_arrival_los_fun, layout_basic, chequers_big_river, st_stairs_12
D:2:      layout_basic, basic_altar, uniq_sigmund, uniq_natasha
D:3:      layout_loops_ring, portal_sewer_entry_e, nrook_campfire,
          patterned_corridor

Skill      XL: |  1  2  3 |
---------------+----------+-----
Dodging        | 1 |  1.6
Armour         | 2 |  2.3
Polearms       | 1 |  1.3
Fighting       | |  3.3
Axes           | |  3.4
Stealth        | |  0.5
Spellcasting   | |  0.8

Action                     |  1- 3 |  4- 6 || total
---------------------------+-------+-------++-------
  Melee: Hand axe          |    68 |    13 ||    81
         Dagger            |    63 |    14 ||    77
    Use: Scroll            |     4 |     5 ||     9
         Potion            |     1 |       ||     1
   Stab: Paralysed         |     2 |       ||     2
         Sleeping          |     1 |       ||     1
         Petrifying        |       |     3 ||     3
         Petrified         |       |     3 ||     3
 Armour: Leather armour    |    52 |    12 ||    64
  Dodge: Dodged            |    30 |     5 ||    35

Table legend: (Time is in decaauts)
 A = Elapsed time spent in this place.
 B = Non-inter-level travel time spent in this place.
 C = Inter-level travel time spent in this place.
 D = Time resting spent in this place.
 E = Time spent auto-exploring this place.
 F = Levels seen in this place.
 G = Mean time per level.
                   A        B        C        D        E       F      G
               +--------+--------+--------+--------+--------+-----+--------+
         Total |   1331 |   1292 |     39 |      0 |    970 |   3 |  443.7 |
       Dungeon |   1331 |   1292 |     39 |      0 |    970 |   3 |  443.7 |
               +--------+--------+--------+--------+--------+-----+--------+

Top non-repeatable levels by time:
     D:1: 955 daAuts
     D:3: 295 daAuts
     D:2: 79 daAuts
